 Dungeon Crawl Stone Soup version 0.28-a0-10-g964c8b829e (webtiles) character file.

Game seed: 13749218288699305153

936 flotson the Skirmisher (level 7, -6/56 HPs)
             Began as a Demonspawn Delver on July 26, 2021.
             Was an Initiate of Gozag.
             Mangled by a two-headed ogre (18 damage)
             ... on level 6 of the Dungeon.
             The game lasted 00:10:09 (7578 turns).

flotson the Skirmisher (Demonspawn Delver)          Turns: 7578, Time: 00:10:10

Health: -6/56      AC: 17    Str: 14    XL:     7   Next: 87%
Magic:  7/7        EV:  9    Int: 11    God:    Gozag
Gold:   286        SH: 13    Dex: 15    Spells: 6/6 levels left

rFire   . . .      SeeInvis .   w - +1 mace (protect)
rCold   . . .      Faith    .   E - +2 tower shield
rNeg    . . .      Spirit   .   L - +1 ring mail of Lugonu's Hope {rElec}
rPois   .          Reflect  .   (no helmet)
rElec   +          Harm     .   D - +0 cloak
rCorr   .          Rampage  .   G - +0 pair of gloves
Will    .....                   p - +0 pair of boots
Stlth   ++........              A - amulet of regeneration
HPRegen 1.18/turn               (no ring)
MPRegen 0.10/turn               (no ring)

@: brilliant, under a protective aura
A: claws 2, repulsion field 1, demonic magic 1
a: Renounce Religion, Potion Petition, Call Merchant, Bribe Branch


You were on level 6 of the Dungeon.
You worshipped Gozag.
Gozag was aware of your devotion.
You visited 2 branches of the dungeon, and saw 7 of its levels.

You collected 374 gold pieces.
You paid 88 gold pieces to Gozag.

Inventory:

Hand Weapons
 a - a +0 dagger of electrocution
 b - a +0 hunting sling
 m - a +0 hand axe
 w - a +1 mace of protection (weapon)
Missiles
 u - 21 sling bullets
Armour
 p - a +0 pair of boots (worn)
 D - a +0 cloak (worn)
 E - a +2 tower shield (worn)
 G - a +0 pair of gloves (worn)
 L - the +1 ring mail of Lugonu's Hope (worn) {rElec}
   (You found it on level 6 of the Dungeon)

   rElec:     It insulates you from electricity.
Jewellery
 A - an amulet of regeneration (around neck)
Wands
 g - a wand of digging (2)
 C - a wand of flame (18)
Scrolls
 c - a scroll of fog
 d - a scroll of teleportation {unknown}
 h - 4 scrolls of identify {unknown}
 q - a scroll of acquirement {unknown}
 r - 4 scrolls of enchant armour {unknown}
 s - a scroll of amnesia {unknown}
 t - 2 scrolls of blinking {unknown}
 x - 5 scrolls of noise {unknown}
 I - a scroll of holy word {unknown}
 K - a scroll of immolation {unknown}
Potions
 j - 4 potions of heal wounds
 k - a potion of degeneration {unknown}
 l - 2 potions of curing
 n - a potion of lignification {unknown}
 o - a potion of ambrosia {unknown}
 v - 2 potions of cancellation
 z - a potion of attraction {unknown}
 B - 3 potions of brilliance
 F - 2 potions of flight {unknown}
 H - a potion of might {unknown}
 J - a potion of resistance {unknown}


   Skills:
 + Level 5.0 Fighting
 + Level 4.0 Axes
 - Level 0.7(1.9) Slings
 + Level 2.7(2.8) Throwing
 + Level 3.5 Armour
 + Level 4.1 Dodging
 - Level 4.5 Stealth
 + Level 0.4 Shields


You had 6 spell levels left.
You didn't know any spells.
Your spell library contained the following spells:

 Spells                   Type           Power      Damage    Failure   Level
 Slow                     Hex            0%         N/A       100%        2
 Confusing Touch          Hex            0%         N/A       100%        3
 Vampiric Draining        Necr           0%         2d6       100%        3


Dungeon Overview and Level Annotations

Branches:
Dungeon (6/15)             Temple (1/1) D:4

Altars:
Gozag
Kikubaaqudgha
Qazlal
Vehumet
Wu Jian
Xom
Yredelemnul
Zin
The Shining One

Shops:
D:4 (


Innate Abilities, Weirdness & Mutations

You have very sharp fingernails.
You are surrounded by a mild repulsion field. (EV +2)
Spells you cast may paralyse adjacent enemies.


Message History

The two-headed ogre closely misses you.
You hit the two-headed ogre.
The two-headed ogre is severely wounded.
The two-headed ogre hits you with a +0 giant club!!
The two-headed ogre hits you with a +0 giant club!
You barely miss the two-headed ogre.
The two-headed ogre is severely wounded.
The two-headed ogre barely misses you.
The two-headed ogre hits you but does no damage.
You hit the two-headed ogre.
The two-headed ogre is severely wounded.
The two-headed ogre hits you with a +0 giant club!!
* * * LOW HITPOINT WARNING * * *
The two-headed ogre hits you with a +0 giant club.
* * * LOW HITPOINT WARNING * * *
Unknown command.
Aiming: Dig
Press: ? - help, Shift-Dir - straight line, p - two-headed ogre A rock wall.
The rock shatters into small pieces.
Unknown command.
It was a potion of heal wounds.
You feel much better.
Unknown command.
It was a potion of curing.
You feel better.
It was a potion of cancellation.
Your magical effects are unravelling.
You feel magically purged.
You feel yourself slow down.
It was a potion of brilliance.
You feel clever all of a sudden. You block the two-headed ogre's attack.
The two-headed ogre hits you with a +0 giant club!
You hit the two-headed ogre.
Your weapon exudes an aura of protection.
The two-headed ogre is severely wounded.
The two-headed ogre hits you with a +0 giant club!!
* * * LOW HITPOINT WARNING * * *
The two-headed ogre hits you with a +0 giant club!!
You die...
Your body crumbles into a pile of gold.

#############
............#
............######
...............O@#
............######
..).........#
............#
.(......<...#
#####..#....#
.....########
.....# ..(..#


You could see a two-headed ogre.

Vanquished Creatures
  A sky beast (D:4)
  An ogre (D:5)
  2 centaurs
  2 scorpions (D:4)
  A hound (D:5)
  2 jellies
  Crazy Yiuf (D:3)
  Jessica (D:3)
  Natasha (thrice) (D:3)
  10 gnolls
  4 adders
  A worm (D:2)
  3 dart slugs
  7 orcs
  11 bats
  5 endoplasms
  2 giant cockroaches (D:1)
  5 goblins
  16 hobgoblins
  17 jackals
  4 quokkas
  12 ball pythons
  4 frilled lizards
  10 kobolds
  10 rats
135 creatures vanquished.

Vanquished Creatures (others)
  2 plants (D:1)
2 creatures vanquished.

Grand Total: 137 creatures vanquished

Notes
Turn   | Place    | Note
-------+----------+-------------------------------------------
     0 | D:5      | flotson the Demonspawn Delver began the quest for the Orb.
     0 | D:5      | Reached XP level 1. HP: 18/18 MP: 1/1
   195 | D:5      | Noticed a centaur
   234 | D:4      | Noticed a scorpion
   269 | D:4      | Found a staircase to the Ecumenical Temple.
   269 | D:4      | Noticed a scorpion
   529 | D:1      | Gained mutation: You have sharp fingernails. [demonic
                  | ancestry]
   529 | D:1      | Reached XP level 2. HP: 24/24 MP: 2/2
   853 | D:1      | Reached skill level 1 in Armour
   883 | D:1      | Found a faded altar of an unknown god.
   927 | D:1      | Reached XP level 3. HP: 25/29 MP: 3/3
  1934 | D:2      | Found an ornate altar of the Wu Jian Council.
  2118 | D:2      | Gained mutation: You are surrounded by a mild repulsion
                  | field. (EV +2) [demonic ancestry]
  2118 | D:2      | Reached XP level 4. HP: 28/35 MP: 4/4
  3523 | D:2      | Gained mutation: Spells you cast may paralyse adjacent
                  | enemies. [demonic ancestry]
  3523 | D:2      | Reached XP level 5. HP: 42/42 MP: 5/5
  3564 | D:2      | Found an ornate altar of the Wu Jian Council.
  4341 | D:3      | Found a runed translucent door.
  4342 | D:3      | Noticed Crazy Yiuf
  4418 | D:3      | Noticed Natasha
  4431 | D:3      | Killed Natasha
  4772 | D:3      | Found a stormy altar of Qazlal.
  4773 | D:3      | Noticed a water elemental
  4774 | D:3      | Noticed an air elemental
  4774 | D:3      | Noticed a fire elemental
  4922 | D:3      | Noticed Jessica
  4938 | D:3      | Reached skill level 4 in Fighting
  4938 | D:3      | Killed Jessica
  4939 | D:3      | Reached XP level 6. HP: 48/48 MP: 6/6
  4943 | D:3      | Found a radiant altar of Vehumet.
  5197 | D:3      | Killed Crazy Yiuf
  5198 | D:3      | Reached skill level 1 in Throwing
  5239 | D:3      | Noticed Natasha
  5256 | D:3      | Killed Natasha
  5347 | D:3      | Found a radiant altar of Vehumet.
  5405 | D:3      | Noticed Natasha
  5412 | D:3      | Killed Natasha
  5800 | D:3      | Found a stormy altar of Qazlal.
  6135 | D:4      | Noticed a sky beast
  6150 | D:4      | Killed a sky beast
  6201 | D:4      | Gained mutation: You have very sharp fingernails. [demonic
                  | ancestry]
  6201 | D:4      | Reached XP level 7. HP: 52/55 MP: 7/7
  6242 | Temple   | Entered the Ecumenical Temple
  6248 | Temple   | Became a worshipper of Gozag Ym Sagoz the Greedy
  6444 | D:4      | Found Vetut's Weapon Boutique.
  7202 | D:6      | Identified the +1 ring mail of Lugonu's Hope {rElec}
  7291 | D:6      | Noticed a two-headed ogre
  7321 | D:6      | Reached skill level 5 in Fighting
  7563 | D:6      | HP: 1/56 [two-headed ogre (6)]
  7578 | D:6      | Mangled by a two-headed ogre

Illustrated notes

Levels and vault maps discovered:
D:1:      dpeg_arrival_refuge, layout_basic, basic_ecumenical_altar,
          serial_bayou_lake_a
D:2:      minmay_recursive_quarters, layout_basic, basic_altar,
          minmay_box_of_dots
D:3:      layout_loops_ring, general_overflow_altar, marbit_many_paths,
          nicolae_qazlal_style_of_elements, uniq_natasha, uniq_jessica,
          uniq_crazy_yiuf_cottage
D:4:      layout_cave_pools, zin_academy, minmay_temple_entry_butterflies,
          serial_shops, kennysheep_mini
D:5:      layout_loops_ring, st_stairs_7
D:6:      layout_gridville
Temple:   chequers_temple_sunken

Skill      XL: |  1  2  3  4  5  6  7 |
---------------+----------------------+-----
Axes           | 2 3 4 |  4.0
Dodging        | 2 3 4 |  4.1
Armour         | 1 2 3 |  3.5
Fighting       | 4 5 |  5.0
Throwing       | 1 2 |  2.7
Slings         | |  0.7
Stealth        | |  4.5
Shields        | |  0.4

Action                   |  1- 3 |  4- 6 |  7- 9 || total
-------------------------+-------+-------+-------++-------
Melee: Hand axe          |    48 |       |       ||    48
       Dagger            |   118 |   196 |    10 ||   324
       Quarterstaff      |       |    50 |    41 ||    91
       Mace              |       |       |     6 ||     6
 Fire: Hunting sling     |       |     9 |       ||     9
Throw: Throwing net      |       |     1 |       ||     1
       Dart              |       |     1 |    12 ||    13
Evoke: Wand              |       |       |     1 ||     1
  Use: Potion            |     1 |       |     5 ||     6
       Scroll            |     1 |       |     1 ||     2
 Stab: Sleeping          |     7 |     3 |       ||    10
       Paralysed         |       |       |     1 ||     1
Armor: Ring mail         |    71 |   105 |    19 ||   195
       Leather armour    |     2 |       |       ||     2
Dodge: Dodged            |   107 |   191 |    40 ||   338
Block: Tower shield      |       |       |    18 ||    18

Table legend: (Time is in decaauts)
 A = Elapsed time spent in this place.
 B = Non-inter-level travel time spent in this place.
 C = Inter-level travel time spent in this place.
 D = Time resting spent in this place.
 E = Time spent auto-exploring this place.
 F = Levels seen in this place.
 G = Mean time per level.
                   A        B        C        D        E       F      G
               +--------+--------+--------+--------+--------+-----+--------+
         Total |   7642 |   7264 |    378 |    238 |   5783 |   7 | 1091.7 |
       Dungeon |   7628 |   7256 |    372 |    238 |   5783 |   6 | 1271.3 |
        Temple |     13 |      7 |      6 |      0 |      0 |   1 |   13.0 |
               +--------+--------+--------+--------+--------+-----+--------+

Top non-repeatable levels by time:
     D:2: 2200 daAuts
     D:3: 2086 daAuts
     D:1: 1528 daAuts
     D:5: 843 daAuts
     D:4: 618 daAuts
     D:6: 352 daAuts
  Temple: 13 daAuts
